[Event "29. Klatovy C 2023"]
[Site "Klatovy"]
[Date "2023.07.05"]
[Round "5.5"]
[White "Plasek, Zdenek"]
[Black "Macho, Miloslav"]
[Result "1/2-1/2"]
[ECO "E18"]
[WhiteElo "1914"]
[BlackElo "1705"]
[PlyCount "76"]
[EventDate "2023.07.01"]
[EventType "swiss"]
[EventRounds "9"]
[EventCountry "CZE"]
[TimeControl "120+30"]

1. d4 Nf6 2. c4 e6 3. Nf3 b6 4. g3 Bb7 5. Bg2 Bb4+ 6. Bd2 Be7 7. O-O O-O 8. Nc3 Ne4 9. Ne1 Nxc3 10. Bxc3 Bxg2 11. Nxg2 d6 12. d5 e5 13. e4 Nd7 14. Qe2 Bg5 15. f4 Bf6 16. f5 a5 17. Be1 Nc5 18. Bf2 Nd7 19. h4 Nc5 20. Rac1 Be7 21. Rc3 f6 22. g4 Qe8 23. Rg3 Rb8 24. g5 b5 25. Bxc5 dxc5 26. b3 bxc4 27. bxc4 Qa4 28. Rc1 Rb4 29. Rc2 Rb1+ 30. Kf2 Rfb8 31. Kf3 Rh1 32. Kg4 fxg5 33. hxg5 Qe8 34. Kf3 Rbb1 35. Kf2 Qa4 36. Ne3 Rh2+ 37. Ng2 Rhh1 38. Ne3 Rh2+ 1/2-1/2

[Event "29. Klatovy C 2023"]
[Site "Klatovy"]
[Date "2023.07.05"]
[Round "5.6"]
[White "Skopec, Lubos"]
[Black "Danko, Jiri"]
[Result "1-0"]
[ECO "C44"]
[WhiteElo "1824"]
[BlackElo "1873"]
[PlyCount "79"]
[EventDate "2023.07.01"]
[EventType "swiss"]
[EventRounds "9"]
[EventCountry "CZE"]
[TimeControl "120+30"]

1. e4 e5 2. Nf3 Nc6 3. c3 d5 4. Bb5 dxe4 5. Nxe5 Qg5 6. d4 Qxg2 7. Rf1 Bh3 8. Qb3 O-O-O 9. Nxf7 Bd6 10. Nxh8 Qxh2 11. Nf7 Rf8 12. Nxd6+ cxd6 13. Be3 Bxf1 14. Bxf1 Qh4 15. Nd2 Qg4 16. Be2 Qf5 17. O-O-O Nf6 18. Rg1 g6 19. Rg5 Qd7 20. Rg3 Kc7 21. Nf1 d5 22. Nh2 Qe6 23. Ng4 Nh5 24. Rg2 Nf4 25. Bxf4+ Rxf4 26. Qd1 h5 27. Ne3 Ne7 28. Qg1 Qf7 29. Kd2 a6 30. Ke1 Kc6 31. Rg3 Rf6 32. Qg2 Rf4 33. Bd1 b5 34. Rg5 Qf6 35. Re5 Qh4 36. Bb3 a5 37. Bxd5+ Kd6 38. Ba8 Rf3 39. Rxe4 Rf4 40. Rxf4 1-0

[Event "29. Klatovy C 2023"]
[Site "Klatovy"]
[Date "2023.07.05"]
[Round "5.3"]
[White "Novotny, Jaroslav2"]
[Black "Korsa, Jindrich"]
[Result "1-0"]
[ECO "B01"]
[WhiteElo "1890"]
[BlackElo "1997"]
[PlyCount "119"]
[EventDate "2023.07.01"]
[EventType "swiss"]
[EventRounds "9"]
[EventCountry "CZE"]
[TimeControl "120+30"]

1. e4 d5 2. exd5 Qxd5 3. Nc3 Qd8 4. Nf3 Nf6 5. Bc4 Bf5 6. d3 e6 7. h3 Nbd7 8. a3 c6 9. Qe2 Be7 10. Nh4 Bg6 11. Nxg6 hxg6 12. Bf4 Nb6 13. Ba2 Nbd5 14. Nxd5 cxd5 15. O-O O-O 16. d4 Bd6 17. Bxd6 Qxd6 18. c3 Qf4 19. Rae1 Ne4 20. Rd1 Rac8 21. Bb1 Nd6 22. Bd3 Rc7 23. Rfe1 Rb8 24. Qe5 Qxe5 25. dxe5 Nc4 26. Bxc4 Rxc4 27. f3 Kf8 28. Kf2 Ke7 29. Rd3 Rbc8 30. Red1 Kd7 31. Rd4 b5 32. Ke3 Kc6 33. Rxc4+ bxc4 34. Kd2 Rh8 35. Kc2 Rh5 36. Re1 Kc5 37. Kd2 Rh4 38. Re2 a5 39. Kc2 a4 40. Kd2 Rh5 41. Kc2 Rf5 42. Kd2 d4 43. cxd4+ Kxd4 44. Re4+ Kd5 45. Kc3 g5 46. Rd4+ Kxe5 47. Rxc4 Kf6 48. Rxa4 Re5 49. Rd4 Re2 50. Rd2 Re1 51. b4 Re3+ 52. Kb2 Ke5 53. a4 Kf4 54. b5 Re5 55. Kb3 Ke3 56. Rc2 Kd3 57. Rc7 Re2 58. Rc3+ Kd4 59. Rc2 Re1 60. Kb4 1-0

[Event "29. Klatovy C 2023"]
[Site "Klatovy"]
[Date "2023.07.05"]
[Round "5.7"]
[White "Petras, Milan"]
[Black "Truksa, Vaclav"]
[Result "1-0"]
[ECO "E81"]
[WhiteElo "1866"]
[BlackElo "1725"]
[PlyCount "35"]
[EventDate "2023.07.01"]
[EventType "swiss"]
[EventRounds "9"]
[EventCountry "CZE"]
[TimeControl "120+30"]

1. c4 Nf6 2. d4 g6 3. Nc3 Bg7 4. e4 d6 5. f3 O-O 6. Be3 c6 7. Qd2 Bd7 8. g4 b5 9. h4 h5 10. Bh6 bxc4 11. e5 Ne8 12. Bxc4 Be6 13. Bxe6 fxe6 14. gxh5 dxe5 15. Bxg7 Kxg7 16. Qg5 Qxd4 17. Qxg6+ Kh8 18. Nge2 1-0

[Event "29. Klatovy C 2023"]
[Site "Klatovy"]
[Date "2023.07.05"]
[Round "5.8"]
[White "Sibl, Vaclav"]
[Black "Vachal, Josef"]
[Result "1/2-1/2"]
[ECO "A45"]
[WhiteElo "1840"]
[BlackElo "1762"]
[PlyCount "97"]
[EventDate "2023.07.01"]
[EventType "swiss"]
[EventRounds "9"]
[EventCountry "CZE"]
[TimeControl "120+30"]

1. d4 Nf6 2. Bf4 g6 3. Nc3 d5 4. e3 Bg7 5. h4 O-O 6. h5 Bf5 7. hxg6 Bxg6 8. Nf3 Nbd7 9. Be2 Re8 10. Ne5 Nxe5 11. Bxe5 Ne4 12. Bxg7 Nxc3 13. bxc3 Kxg7 14. f4 f5 15. Bd3 e6 16. Qf3 Re7 17. Qh3 Kg8 18. Qh6 Qf8 19. Qg5 Rg7 20. Rh2 Qe7 21. Qxe7 Rxe7 22. c4 c6 23. Kd2 Be8 24. Rah1 Rg7 25. cxd5 cxd5 26. c4 Bc6 27. c5 Re8 28. Ke2 Ree7 29. Kf2 Rg6 30. Rh6 Rxh6 31. Rxh6 Be8 32. Rh4 Rg7 33. Be2 b6 34. cxb6 axb6 35. g4 Ra7 36. gxf5 exf5 37. Rh6 Bg6 38. Bf3 Rxa2+ 39. Kg3 Ra5 40. Rh1 Rb5 41. Rc1 Kg7 42. Rc7+ Kf6 43. Rb7 Ke6 44. Rb8 Kd7 45. Rb7+ Kc6 46. Re7 Kd6 47. Re5 Ra5 48. Kh4 Rb5 49. Kg5 1/2-1/2

[Event "29. Klatovy C 2023"]
[Site "Klatovy"]
[Date "2023.07.01"]
[Round "1.1"]
[White "Pribyl, Josef"]
[Black "Prachar, Josef"]
[Result "1-0"]
[ECO "B38"]
[WhiteElo "2230"]
[BlackElo "1732"]
[PlyCount "99"]
[EventDate "2023.07.01"]
[EventType "swiss"]
[EventRounds "9"]
[EventCountry "CZE"]
[TimeControl "120+30"]

1. c4 Nf6 2. Nc3 g6 3. e4 d6 4. d4 Bg7 5. f4 O-O 6. Nf3 c5 7. Be2 cxd4 8. Nxd4 Nc6 9. Be3 a6 10. O-O e5 11. Nxc6 bxc6 12. fxe5 dxe5 13. Qxd8 Rxd8 14. Bg5 Rd6 15. c5 Re6 16. Bc4 h6 17. Bxe6 hxg5 18. Bxc8 Rxc8 19. Rad1 Kf8 20. Rd6 Ke7 21. b3 Ne8 22. Rd3 Nc7 23. Na4 Ne6 24. Kf2 Rh8 25. h3 Rh4 26. Re1 Nd4 27. Rg3 f6 28. Nc3 Ke6 29. Rd3 Bf8 30. Na4 Be7 31. Rd2 Rh8 32. Re3 Rb8 33. g4 Rb5 34. Rc3 Bd8 35. Rc4 Be7 36. Kg3 Bf8 37. Kf2 Be7 38. Ke3 Rb8 39. Rh2 Rh8 40. Nb2 Kd7 41. Nd3 Kc7 42. Kf2 Kb7 43. Kg3 Ne6 44. Rb4+ Kc7 45. Rb6 Nxc5 46. Nxc5 Bxc5 47. Rxa6 Kb7 48. Ra4 Rd8 49. Rc2 Rd3+ 50. Kg2 1-0

[Event "29. Klatovy C 2023"]
[Site "Klatovy"]
[Date "2023.07.01"]
[Round "1.2"]
[White "Truksa, Vaclav"]
[Black "Mlynek, Petr"]
[Result "1/2-1/2"]
[ECO "D48"]
[WhiteElo "1725"]
[BlackElo "2035"]
[PlyCount "113"]
[EventDate "2023.07.01"]
[EventType "swiss"]
[EventRounds "9"]
[EventCountry "CZE"]
[TimeControl "120+30"]

1. d4 d5 2. c4 c6 3. e3 Nf6 4. Nc3 e6 5. Nf3 Nbd7 6. Bd3 dxc4 7. Bxc4 b5 8. Bd3 a6 9. O-O c5 10. b3 Bb7 11. Bb2 Be7 12. Rc1 cxd4 13. exd4 O-O 14. Re1 Rc8 15. Bb1 Nb6 16. Ne4 Bb4 17. Rxc8 Qxc8 18. Nxf6+ gxf6 19. Re3 Nd5 20. Rd3 Kh8 21. Nh4 Rg8 22. Rg3 Bd6 23. Rxg8+ Qxg8 24. Qh5 Nf4 25. Qh6 Qg7 26. Qxg7+ Kxg7 27. f3 b4 28. Kf2 Bc6 29. g3 Nd5 30. Ng2 h5 31. Ne3 Nxe3 32. Kxe3 h4 33. f4 hxg3 34. hxg3 Bb5 35. Be4 f5 36. Bf3 f6 37. Bb7 Kf7 38. Bf3 Ke7 39. Bh5 Bc7 40. g4 fxg4 41. Bxg4 f5 42. Bf3 Bb6 43. Bh5 Kd6 44. Bf3 a5 45. Bd1 Bc6 46. Bc2 Bd5 47. a3 Kc6 48. a4 Bd8 49. Bc1 Bh4 50. Bd2 Bg3 51. Bd1 Kd6 52. Bc2 Ke7 53. Ke2 Kf6 54. Ke3 Kg6 55. Bd1 Kh6 56. Bc1 Be1 57. Bd2 1/2-1/2

[Event "29. Klatovy C 2023"]
[Site "Klatovy"]
[Date "2023.07.01"]
[Round "1.3"]
[White "Korsa, Jindrich"]
[Black "Berka, Lubos"]
[Result "1-0"]
[ECO "B15"]
[WhiteElo "1997"]
[BlackElo "1715"]
[PlyCount "51"]
[EventDate "2023.07.01"]
[EventType "swiss"]
[EventRounds "9"]
[EventCountry "CZE"]
[TimeControl "120+30"]

1. e4 c6 2. Nc3 d5 3. d4 dxe4 4. Nxe4 Nf6 5. Nxf6+ exf6 6. c3 Be6 7. Bd3 c5 8. Be3 cxd4 9. Bxd4 Nc6 10. Qa4 Bd5 11. f3 Be7 12. Ne2 O-O 13. O-O-O a6 14. Bf2 Rc8 15. Bf5 Qd6 16. Qf4 Rcd8 17. Qxd6 Rxd6 18. Bc5 Rfd8 19. Bxd6 Rxd6 20. Be4 Bxa2 21. Rxd6 Bxd6 22. Rd1 Be7 23. Rd7 Kf8 24. Rxb7 Nd8 25. Rb8 Bc4 26. Nd4 1-0

[Event "29. Klatovy C 2023"]
[Site "Klatovy"]
[Date "2023.07.01"]
[Round "1.4"]
[White "Macho, Miloslav"]
[Black "Chalus, Karel"]
[Result "0-1"]
[ECO "C90"]
[WhiteElo "1705"]
[BlackElo "1975"]
[PlyCount "96"]
[EventDate "2023.07.01"]
[EventType "swiss"]
[EventRounds "9"]
[EventCountry "CZE"]
[TimeControl "120+30"]

1. e4 e5 2. Nf3 Nc6 3. Bb5 a6 4. Ba4 Nf6 5. d3 b5 6. Bb3 Be7 7. c3 O-O 8. O-O d6 9. Re1 Na5 10. Bc2 c5 11. Nbd2 Ne8 12. Nf1 f5 13. exf5 Bxf5 14. h3 Nc7 15. Ng3 Bg6 16. d4 Bxc2 17. Qxc2 exd4 18. cxd4 c4 19. Bd2 Nc6 20. d5 Ne5 21. Nxe5 dxe5 22. Rxe5 Bd6 23. Rg5 Be7 24. Rh5 g6 25. Re5 Bf6 26. Re2 Nxd5 27. Rd1 Qb6 28. Bh6 Nb4 29. Qe4 Rfd8 30. Rxd8+ Rxd8 31. b3 Nxa2 32. bxc4 Nc3 33. Qe6+ Qxe6 34. Rxe6 Bd4 35. cxb5 axb5 36. Ne4 Nxe4 37. Rxe4 b4 38. Bg5 Rd7 39. Re8+ Kf7 40. Rb8 Bc3 41. g3 Ke6 42. Be3 Kd5 43. Kf1 Kc4 44. Rc8+ Kd3 45. Rb8 Kc2 46. Bc5 b3 47. Re8 b2 48. Re2+ Rd2 0-1

[Event "29. Klatovy C 2023"]
[Site "Klatovy"]
[Date "2023.07.01"]
[Round "1.5"]
[White "Turner, Radek"]
[Black "Vavrinek, Tomas"]
[Result "1-0"]
[ECO "A53"]
[WhiteElo "1991"]
[BlackElo "1698"]
[PlyCount "135"]
[EventDate "2023.07.01"]
[EventType "swiss"]
[EventRounds "9"]
[EventCountry "CZE"]
[TimeControl "120+30"]

1. c4 e5 2. g3 Nf6 3. Bg2 c6 4. Nc3 Be7 5. e3 O-O 6. Nge2 d6 7. d4 exd4 8. Nxd4 Qb6 9. O-O Nbd7 10. Nf5 Re8 11. Nxe7+ Rxe7 12. Qxd6 Qc5 13. Qxc5 Nxc5 14. b3 Nce4 15. Nxe4 Nxe4 16. Ba3 Re8 17. Rfd1 Bf5 18. Bb2 Rad8 19. f3 Ng5 20. e4 Bg6 21. Kf2 f6 22. h4 Nf7 23. Rd4 Rxd4 24. Bxd4 b6 25. Bc3 Rd8 26. Ke2 Kf8 27. Rd1 Rxd1 28. Kxd1 Ke7 29. Kd2 Kd6 30. f4 Bh5 31. Bh3 Bf3 32. Ke3 Bd1 33. b4 Bc2 34. g4 Bb1 35. a3 Ba2 36. Bf1 c5 37. g5 fxg5 38. hxg5 g6 39. Bd3 Bb3 40. Bg7 Ke7 41. Bf6+ Kd6 42. Kd2 Ke6 43. Kc3 Bd1 44. f5+ gxf5 45. exf5+ Kd7 46. g6 hxg6 47. fxg6 Nh6 48. bxc5 bxc5 49. Bg5 Ng8 50. Be4 Bg4 51. g7 Be6 52. Bd5 a5 53. Kb3 a4+ 54. Kc3 Kd6 55. Be4 Bd7 56. Bh7 Be6 57. Bf4+ Ke7 58. Bc2 Bd7 59. Be3 Kd6 60. Bg5 Ke5 61. Bg6 Ke6 62. Kd3 Ke5 63. Bf7 Be6 64. Bxe6 Kxe6 65. Ke4 Kd6 66. Kf5 Kd7 67. Ke5 Ke8 68. Ke6 1-0

[Event "29. Klatovy C 2023"]
[Site "Klatovy"]
[Date "2023.07.01"]
[Round "1.6"]
[White "Novotny, Jaromir"]
[Black "Baumruk, Josef"]
[Result "0-1"]
[ECO "A01"]
[WhiteElo "1681"]
[BlackElo "1947"]
[PlyCount "58"]
[EventDate "2023.07.01"]
[EventType "swiss"]
[EventRounds "9"]
[EventCountry "CZE"]
[TimeControl "120+30"]

1. b3 e5 2. Bb2 Nc6 3. e3 Nf6 4. Bb5 d6 5. Ne2 Bd7 6. O-O Be7 7. f4 O-O 8. Bxc6 Bxc6 9. fxe5 dxe5 10. c4 Bd6 11. Ng3 Ne4 12. Nxe4 Bxe4 13. d3 Bg6 14. e4 Qg5 15. Bc1 Bc5+ 16. Kh1 Qh4 17. Nd2 Rad8 18. Nf3 Qe7 19. Bb2 Bxe4 20. Nxe5 f6 21. Ng4 Rxd3 22. Qe2 Bg6 23. Qxe7 Bxe7 24. Nf2 Rd2 25. Bc3 Rc2 26. Bd4 Rd8 27. Be3 Ba3 28. Rad1 Re8 29. Bf4 Ree2 0-1

[Event "29. Klatovy C 2023"]
[Site "Klatovy"]
[Date "2023.07.01"]
[Round "1.7"]
[White "Richter, Martin1"]
[Black "Svec, Ludek"]
[Result "1-0"]
[ECO "B02"]
[WhiteElo "1946"]
[BlackElo "1620"]
[PlyCount "58"]
[EventDate "2023.07.01"]
[EventType "swiss"]
[EventRounds "9"]
[EventCountry "CZE"]
[TimeControl "120+30"]

1. e4 c5 2. Nc3 e6 3. g3 Nc6 4. Bg2 Nf6 5. d3 Be7 6. f4 d5 7. e5 Nd7 8. Nf3 Rb8 9. O-O O-O 10. Ne2 Re8 11. g4 f6 12. exf6 Nxf6 13. g5 Nh5 14. Ng3 Nxg3 15. hxg3 e5 16. Nh4 Nd4 17. c3 Nf5 18. Qf3 e4 19. dxe4 dxe4 20. Qxe4 Nxg3 21. Qc4+ Kh8 22. Rf3 Qd1+ 23. Kh2 Qe2 24. Qa4 b5 25. Qxa7 Rb7 26. Qa8 Nh5 27. Be3 g6 28. Raf1 Qxb2 29. R3f2 Qxc3 1-0

[Event "29. Klatovy C 2023"]
[Site "Klatovy"]
[Date "2023.07.01"]
[Round "1.8"]
[White "Hanzlik, Jiri"]
[Black "Kucera, Jiri"]
[Result "0-1"]
[ECO "A10"]
[WhiteElo "1585"]
[BlackElo "1920"]
[PlyCount "63"]
[EventDate "2023.07.01"]
[EventType "swiss"]
[EventRounds "9"]
[EventCountry "CZE"]
[TimeControl "120+30"]

1. c4 g6 2. Nc3 Bg7 3. Qc2 Nc6 4. e3 e5 5. Be2 d6 6. d3 f5 7. Bd2 Nf6 8. a3 O-O 9. b4 Kh8 10. Bf3 e4 11. Be2 exd3 12. Bxd3 Ne5 13. Be2 Be6 14. Rc1 Nxc4 15. Bxc4 Bxc4 16. Nge2 c6 17. O-O Qe7 18. Rfe1 Ng4 19. h3 Ne5 20. Red1 Nd3 21. Rb1 Qh4 22. Be1 Nxe1 23. Rxe1 d5 24. Nf4 Rae8 25. Nd3 Bxd3 26. Qxd3 f4 27. exf4 Rxe1+ 28. Rxe1 Qxf4 29. f3 Qd4+ 30. Re3 Re8 31. Nd1 Rxe3 32. Nxe3 0-1

[Event "29. Klatovy C 2023"]
[Site "Klatovy"]
[Date "2023.07.06"]
[Round "6.1"]
[White "Novotny, Jaroslav2"]
[Black "Pribyl, Josef"]
[Result "0-1"]
[ECO "B15"]
[WhiteElo "1890"]
[BlackElo "2230"]
[PlyCount "70"]
[EventDate "2023.07.01"]
[EventType "swiss"]
[EventRounds "9"]
[EventCountry "CZE"]
[TimeControl "120+30"]

1. e4 c6 2. d4 d5 3. Nc3 g6 4. Nf3 Bg7 5. exd5 cxd5 6. Bb5+ Nc6 7. h3 e6 8. O-O Nge7 9. Ne5 O-O 10. Nxc6 Nxc6 11. Bxc6 bxc6 12. Ne2 a5 13. c3 a4 14. Bf4 Qe7 15. Re1 c5 16. dxc5 Qxc5 17. Qd2 Re8 18. Be3 Qc4 19. f4 Bb7 20. Nd4 Rac8 21. a3 f6 22. Rad1 e5 23. Ne2 Re6 24. Nc1 Rce8 25. fxe5 fxe5 26. Nd3 d4 27. cxd4 exd4 28. Bf2 Qc6 29. Bh4 Re3 30. Nb4 Qb5 31. Bf2 Re2 32. Qd3 Qg5 33. Qg3 Qxg3 34. Bxg3 Rxg2+ 35. Kf1 Rf8+ 0-1

[Event "29. Klatovy C 2023"]
[Site "Klatovy"]
[Date "2023.07.06"]
[Round "6.2"]
[White "Turner, Radek"]
[Black "Sedlak, Ludek"]
[Result "1/2-1/2"]
[ECO "A25"]
[WhiteElo "1991"]
[BlackElo "1885"]
[PlyCount "36"]
[EventDate "2023.07.01"]
[EventType "swiss"]
[EventRounds "9"]
[EventCountry "CZE"]
[TimeControl "120+30"]

1. c4 e5 2. g3 Nc6 3. Bg2 f5 4. Nc3 Nf6 5. Nf3 Bc5 6. d3 O-O 7. O-O d6 8. e3 Bb6 9. Na4 Qe8 10. Nxb6 axb6 11. Ne1 e4 12. d4 Kh8 13. Nc2 Bd7 14. Bd2 Qe7 15. Nb4 Nxb4 16. Bxb4 c5 17. dxc5 dxc5 18. Bc3 b5 1/2-1/2

[Event "29. Klatovy C 2023"]
[Site "Klatovy"]
[Date "2023.07.06"]
[Round "6.3"]
[White "Chalus, Karel"]
[Black "Skopec, Lubos"]
[Result "1-0"]
[ECO "A14"]
[WhiteElo "1975"]
[BlackElo "1824"]
[PlyCount "55"]
[EventDate "2023.07.01"]
[EventType "swiss"]
[EventRounds "9"]
[EventCountry "CZE"]
[TimeControl "120+30"]

1. Nf3 Nf6 2. c4 e6 3. g3 d5 4. Bg2 Nbd7 5. O-O Be7 6. d3 O-O 7. b3 c6 8. Bb2 b6 9. Nbd2 Bb7 10. Rc1 Rc8 11. Rc2 Re8 12. Qa1 Bf8 13. Rfc1 c5 14. cxd5 exd5 15. e3 a5 16. d4 Ne4 17. dxc5 Nexc5 18. Ne1 Qg5 19. Ndf3 Qg6 20. Nh4 Qe6 21. Bd4 Ne5 22. Bf1 Ncd7 23. Bb5 Rxc2 24. Rxc2 Rc8 25. Rxc8 Bxc8 26. Qc3 Nf6 27. Bxe5 Bb4 28. Qc7 1-0

[Event "29. Klatovy C 2023"]
[Site "Klatovy"]
[Date "2023.07.06"]
[Round "6.4"]
[White "Macho, Miloslav"]
[Black "Petras, Milan"]
[Result "0-1"]
[ECO "A06"]
[WhiteElo "1705"]
[BlackElo "1866"]
[PlyCount "94"]
[EventDate "2023.07.01"]
[EventType "swiss"]
[EventRounds "9"]
[EventCountry "CZE"]
[TimeControl "120+30"]

1. Nf3 d5 2. e3 c5 3. b3 Nf6 4. Bb5+ Bd7 5. Be2 Nc6 6. O-O e6 7. Bb2 Bd6 8. Re1 a6 9. d3 O-O 10. Nbd2 Bc7 11. Rc1 Qe7 12. d4 cxd4 13. exd4 Ba5 14. c3 Bc7 15. Bd3 g6 16. Bb1 Rfd8 17. Qe2 b5 18. Ne5 Be8 19. Ndf3 Nxe5 20. Nxe5 Nd7 21. Nc6 Qd6 22. Ne5 f6 23. Nf3 Bf7 24. g3 Re8 25. Qd2 a5 26. h4 a4 27. h5 a3 28. hxg6 hxg6 29. Ba1 Kg7 30. Kg2 Rh8 31. Rh1 Ba5 32. Qd3 b4 33. c4 Rag8 34. Rh4 Rxh4 35. Nxh4 Nf8 36. c5 Qc6 37. Qe2 Rh8 38. Bd3 g5 39. Bb5 Qc8 40. Nf3 e5 41. Nxg5 e4 42. Qe3 Qf5 43. Nxe4 Qc8 44. Ng5 Qf5 45. Ne4 Qh3+ 46. Kf3 Bh5+ 47. Kf4 Qg4# 0-1

[Event "29. Klatovy C 2023"]
[Site "Klatovy"]
[Date "2023.07.06"]
[Round "6.5"]
[White "Ondrejat, Miroslav"]
[Black "Korsa, Jindrich"]
[Result "1-0"]
[ECO "A25"]
[WhiteElo "1834"]
[BlackElo "1997"]
[PlyCount "73"]
[EventDate "2023.07.01"]
[EventType "swiss"]
[EventRounds "9"]
[EventCountry "CZE"]
[TimeControl "120+30"]

1. c4 e5 2. Nc3 Nc6 3. g3 g5 4. Bg2 Bg7 5. e3 d6 6. Nge2 Nge7 7. d4 Ng6 8. d5 Nce7 9. e4 h6 10. Qc2 f5 11. exf5 Bxf5 12. Be4 Qd7 13. Be3 Bxe4 14. Qxe4 Qf5 15. O-O-O Qxe4 16. Nxe4 Nf5 17. Rd3 b6 18. Kc2 Ke7 19. a3 g4 20. b4 Nxe3+ 21. Rxe3 h5 22. Rd3 Raf8 23. Rb1 Bh6 24. c5 Kd7 25. cxd6 cxd6 26. Rbb3 Rc8+ 27. Rbc3 Rxc3+ 28. N2xc3 Ne7 29. Nf6+ Kd8 30. Nb5 Nc8 31. Ne4 Kd7 32. Rc3 a6 33. Nc7 Ne7 34. Nf6+ Kc8 35. Nce8+ Kd8 36. Nxd6 Rf8 37. Nb7# 1-0

[Event "29. Klatovy C 2023"]
[Site "Klatovy"]
[Date "2023.07.06"]
[Round "6.6"]
[White "Baumruk, Josef"]
[Black "Hlavac, Rudolf"]
[Result "1/2-1/2"]
[ECO "A34"]
[WhiteElo "1947"]
[BlackElo "1845"]
[PlyCount "108"]
[EventDate "2023.07.01"]
[EventType "swiss"]
[EventRounds "9"]
[EventCountry "CZE"]
[TimeControl "120+30"]

1. c4 Nf6 2. Nc3 d5 3. cxd5 Nxd5 4. g3 c5 5. Bg2 Nc7 6. Nf3 Nc6 7. O-O e5 8. b3 Be7 9. Bb2 O-O 10. Rc1 f6 11. e3 Bg4 12. h3 Bh5 13. g4 Bg6 14. Ne2 Bd3 15. Ne1 Bxe2 16. Qxe2 Qd7 17. Ba3 Ne6 18. Qc4 Kh8 19. Rc3 Rad8 20. Rd3 Qc8 21. Be4 a6 22. Bf5 Rxd3 23. Nxd3 Ncd8 24. Bxc5 Bxc5 25. Rc1 g6 26. Bxe6 Nxe6 27. Nxc5 Ng5 28. Ne4 Nxh3+ 29. Kg2 Qxg4+ 30. Ng3 Qxc4 31. Rxc4 Ng5 32. d4 exd4 33. Rxd4 Rf7 34. Ne4 Nxe4 35. Rxe4 f5 36. Re6 Kg7 37. b4 h5 38. a4 Kh6 39. Kg3 Rc7 40. Rb6 Kg5 41. f4+ Kh6 42. a5 Re7 43. Kf3 h4 44. b5 axb5 45. Rxb5 Rc7 46. Rb3 g5 47. Rb6+ Kh5 48. fxg5 Kxg5 49. a6 bxa6 50. Rxa6 Re7 51. Ra8 Re6 52. Rg8+ Rg6 53. Rxg6+ Kxg6 54. e4 fxe4+ 1/2-1/2

[Event "29. Klatovy C 2023"]
[Site "Klatovy"]
[Date "2023.07.06"]
[Round "6.7"]
[White "Richter, Martin1"]
[Black "Zednik, Zdenek"]
[Result "1/2-1/2"]
[ECO "B20"]
[WhiteElo "1946"]
[BlackElo "1836"]
[PlyCount "64"]
[EventDate "2023.07.01"]
[EventType "swiss"]
[EventRounds "9"]
[EventCountry "CZE"]
[TimeControl "120+30"]

1. e4 c5 2. b3 d6 3. Bb2 Nf6 4. Bb5+ Bd7 5. Bxd7+ Nbxd7 6. Qe2 g6 7. f4 Bg7 8. Nf3 O-O 9. d3 e6 10. Nbd2 Qa5 11. O-O Qc7 12. a4 b6 13. Rae1 Rfe8 14. e5 dxe5 15. Nxe5 Nd5 16. Qf3 Nb4 17. c3 Nxe5 18. fxe5 Nc6 19. d4 Rad8 20. Ne4 cxd4 21. Nf6+ Bxf6 22. exf6 e5 23. Re4 Qd6 24. Qh3 Re6 25. Ba3 Qxa3 26. Rh4 h5 27. Rxh5 gxh5 28. Qxh5 Rxf6 29. Rxf6 Qc1+ 30. Rf1 Qe3+ 31. Kh1 Rf8 32. Qg4+ Kh8 1/2-1/2

[Event "29. Klatovy C 2023"]
[Site "Klatovy"]
[Date "2023.07.06"]
[Round "6.8"]
[White "Kucera, Jiri"]
[Black "Burgermeister, Michal"]
[Result "1-0"]
[ECO "A08"]
[WhiteElo "1920"]
[BlackElo "1748"]
[PlyCount "43"]
[EventDate "2023.07.01"]
[EventType "swiss"]
[EventRounds "9"]
[EventCountry "CZE"]
[TimeControl "120+30"]

1. Nf3 c5 2. g3 Nc6 3. Bg2 d5 4. O-O Nf6 5. d3 g6 6. Nbd2 Bg7 7. e4 Bg4 8. h3 Bxf3 9. Qxf3 Nd4 10. Qd1 dxe4 11. dxe4 e5 12. Nc4 Qc7 13. c3 Nc6 14. Qd6 Rc8 15. Be3 b6 16. Rad1 Nh5 17. g4 Nf4 18. Bxf4 exf4 19. e5 Nxe5 20. Rfe1 f6 21. Qe6+ Kf8 22. Nxe5 1-0

[Event "29. Klatovy C 2023"]
[Site "Klatovy"]
[Date "2023.07.07"]
[Round "7.1"]
[White "Pribyl, Josef"]
[Black "Chalus, Karel"]
[Result "0-1"]
[ECO "A12"]
[WhiteElo "2230"]
[BlackElo "1975"]
[PlyCount "132"]
[EventDate "2023.07.01"]
[EventType "swiss"]
[EventRounds "9"]
[EventCountry "CZE"]
[TimeControl "120+30"]

1. c4 Nf6 2. Nf3 c6 3. b3 d5 4. g3 Bf5 5. Bb2 e6 6. Bg2 Be7 7. d3 Nbd7 8. Nh4 Bg4 9. h3 Bh5 10. g4 Bg6 11. Nxg6 hxg6 12. Nd2 Qb6 13. d4 dxc4 14. Nxc4 Bb4+ 15. Kf1 Qc7 16. e3 Nd5 17. Rc1 Be7 18. Qf3 b5 19. Ne5 Nxe5 20. dxe5 Qa5 21. Qe2 b4 22. Rxc6 O-O 23. Qa6 Qd8 24. Ke2 f6 25. Rd1 fxe5 26. Rcc1 Bh4 27. Qxe6+ Kh7 28. f3 Qa5 29. Qxd5 Qxa2 30. Rd2 Rad8 31. Bxe5 Rxd5 32. Rxa2 Rxe5 33. Rxa7 Rxe3+ 34. Kxe3 Bg5+ 35. Kd3 Bxc1 36. Rb7 Rf4 37. Rc7 Bb2 38. Ke3 Rf6 39. Bf1 g5 40. Bd3+ Kg8 41. Be4 Rh6 42. Rb7 Bc3 43. Rb5 Rxh3 44. Rxg5 Rh2 45. Rb5 Rd2 46. g5 Rd8 47. Bd5+ Kh7 48. f4 Kg6 49. Kf3 Kh5 50. Ra5 Bd2 51. Bf7+ Kh4 52. Ra1 Rd3+ 53. Ke4 Re3+ 54. Kf5 Rf3 55. Rh1+ Kg3 56. Rg1+ Kh3 57. Kg6 Bc3 58. Be6+ Kh2 59. Rg4 Kh3 60. f5 Kxg4 61. f6+ Kh4 62. fxg7 Bxg7 63. Kxg7 Kxg5 64. Bd5 Rf4 65. Bg8 Kg4 66. Kg6 Kf3 0-1

[Event "29. Klatovy C 2023"]
[Site "Klatovy"]
[Date "2023.07.07"]
[Round "7.2"]
[White "Petras, Milan"]
[Black "Turner, Radek"]
[Result "0-1"]
[ECO "E72"]
[WhiteElo "1866"]
[BlackElo "1991"]
[PlyCount "100"]
[EventDate "2023.07.01"]
[EventType "swiss"]
[EventRounds "9"]
[EventCountry "CZE"]
[TimeControl "120+30"]

1. e4 g6 2. g3 Bg7 3. Bg2 d6 4. d4 Nf6 5. c4 c5 6. d5 O-O 7. Nc3 Na6 8. Nge2 Nc7 9. a4 Rb8 10. O-O a6 11. f4 b5 12. axb5 axb5 13. cxb5 Nxb5 14. Kh1 Bg4 15. Bf3 Nxc3 16. Nxc3 Bxf3+ 17. Rxf3 Nd7 18. Qe2 Ra8 19. Na4 Qa5 20. Bd2 Qa6 21. Qxa6 Rxa6 22. Rfa3 Rfa8 23. Bc3 Nf6 24. Nb6 Rxa3 25. Rxa3 Rb8 26. Bxf6 Bxf6 27. Nd7 Bxb2 28. Ra7 Rd8 29. e5 dxe5 30. fxe5 Bd4 31. Rc7 Ra8 32. e6 fxe6 33. dxe6 Ra6 34. Rc8+ Kg7 35. Nf8 Rd6 36. Re8 Bf6 37. Rc8 c4 38. Nd7 Rd4 39. Kg2 g5 40. h3 h5 41. Kf3 Rd3+ 42. Kg2 c3 43. g4 hxg4 44. hxg4 Rd2+ 45. Kh3 c2 46. Rf8 c1=Q 47. Rf7+ Kh8 48. Rf8+ Kh7 49. Rf7+ Bg7 50. Nf8+ Kh6 0-1

[Event "29. Klatovy C 2023"]
[Site "Klatovy"]
[Date "2023.07.07"]
[Round "7.3"]
[White "Sedlak, Ludek"]
[Black "Kucera, Jiri"]
[Result "1-0"]
[ECO "C50"]
[WhiteElo "1885"]
[BlackElo "1920"]
[PlyCount "89"]
[EventDate "2023.07.01"]
[EventType "swiss"]
[EventRounds "9"]
[EventCountry "CZE"]
[TimeControl "120+30"]

1. e4 e5 2. Nf3 Nc6 3. Bc4 Be7 4. d4 d6 5. h3 Nf6 6. Nc3 O-O 7. O-O Nxe4 8. Nxe4 d5 9. Nxe5 Nxe5 10. dxe5 dxe4 11. Be3 Bf5 12. g4 Be6 13. Qxd8 Raxd8 14. Bxe6 fxe6 15. Rfd1 Rd5 16. Rxd5 exd5 17. Rd1 Rd8 18. Kg2 Kf7 19. f3 exf3+ 20. Kxf3 Ke6 21. Bf2 Rf8+ 22. Ke2 c5 23. Bg3 Bg5 24. h4 Bf4 25. Rf1 Kxe5 26. c4 dxc4 27. Rxf4 Rf6 28. Rxf6+ Kxf6 29. Bb8 a6 30. Ke3 h5 31. gxh5 Kf5 32. Kf3 b5 33. Bd6 b4 34. Bxc5 c3 35. bxc3 bxc3 36. Bd4 c2 37. Bb2 a5 38. a4 g5 39. h6 g4+ 40. Kg3 Kg6 41. Kxg4 Kxh6 42. Bc1+ Kg6 43. h5+ Kf6 44. Kf3 Kf5 45. Ke2 1-0